 Dungeon Crawl Stone Soup version 0.30.1-11-g7821555f0a (webtiles) character file.

Game seed: 17400522439387346802

6404 2FriedEggs the Destroyer (level 10, -8/50 HPs)
             Began as an Octopode Conjurer on Nov 13, 2023.
             Was a Believer of Hepliaklqana.
             Mangled by a fire elemental (13 damage)
             ... created by the fiery vengeance of Ignis
             ... on level 15 of the Dungeon.
             The game lasted 00:30:43 (12328 turns).

2FriedEggs the Destroyer (Octopode Conjurer)       Turns: 12328, Time: 00:30:43

Health: -8/50      AC:  1    Str:  6    XL:     10   Next: 98%
Magic:  17/17      EV: 11    Int: 26    God:    Hepliaklqana [**....]
Gold:   80         SH: 16    Dex: 18    Spells: 9/19 levels left

rFire   . . .        m - +5 falchion "Fiamywn" {venom, Int+2}
rCold   . . .        x - +0 kite shield
rNeg    . . .        (helmet restricted)
rPois   .            l - amulet of reflection
rElec   .            b - +6 ring of dexterity
rCorr   .            (no ring)
SInv    .            (no ring)
Will    .....        (no ring)
Stlth   +++          (no ring)
HPRegen 0.28/turn    (no ring)
MPRegen 0.15/turn    (no ring)
                     (no ring)

%: reflection
@: slowed, fire susceptible, very slow
A: reduced essence, almost no armour, amphibious, 8 rings, camouflage 1,
gelatinous body 1, (nimble swimmer 1), tentacles
a: Renounce Religion, Recall Ancestor, Ancestor Identity


You were on level 15 of the Dungeon.
You worshipped Hepliaklqana.
Hepliaklqana was pleased with you.
You visited 2 branches of the dungeon, and saw 15 of its levels.

You collected 548 gold pieces.
You spent 468 gold pieces at shops.

Inventory:

Hand Weapons
 m - the +5 falchion "Fiamywn" (weapon) {venom, Int+2}
   (You found it on level 2 of the Dungeon)

   Int:       It affects your intelligence (+2).
 q - the +10 rapier "Komuann" {vamp, rF+ Str+4}
   (You found it on level 3 of the Dungeon)

   Str:       It affects your strength (+4).
   rF:        It protects you from fire.
Missiles
 w - a throwing net
Armour
 x - a +0 kite shield (worn)
Magical Staves
 I - a staff of poison
Jewellery
 b - a +6 ring of dexterity (left tentacle)
 l - an amulet of reflection (around mantle)
Wands
 r - a wand of paralysis (12)
 G - a wand of quicksilver (1)
 J - a wand of roots (5)
Scrolls
 e - 4 scrolls of fog
 f - a scroll of blinking
 i - 4 scrolls of immolation
 p - 2 scrolls of noise
 s - 2 scrolls of fear
 u - 3 scrolls of poison
 v - a scroll of brand weapon
 y - 3 scrolls of enchant armour
 A - a scroll of summoning
 B - 5 scrolls of vulnerability
 C - 2 scrolls of amnesia
Potions
 a - 4 potions of magic
 c - 5 potions of curing
 d - 3 potions of lignification
 g - a potion of might {unknown}
 h - a potion of resistance {unknown}
 j - a potion of invisibility
 k - 2 potions of haste
 n - a potion of degeneration {unknown}
 t - 2 potions of attraction
 z - 2 potions of brilliance
 D - a potion of flight {unknown}
 E - a potion of ambrosia {unknown}
 F - a potion of berserk rage
 H - a potion of heal wounds {unknown}


   Skills:
 - Level 2.0 Dodging
 - Level 2.6 Stealth
 + Level 8.3 Shields
 - Level 5.0 Spellcasting
 - Level 9.8 Conjurations
 - Level 3.2 Translocations
 * Level 8.8 Earth Magic


You had 9 spell levels left.
You knew the following spells:

 Your Spells              Type           Power      Damage    Failure   Level
a - Magic Dart            Conj           100%       1d8       1%          1
b - Searing Ray           Conj           100%       2d8       1%          2
c - Blink                 Tloc           46%        N/A       16%         2
d - Lee's Rapid Deconstr  Erth           25%        3d14*     28%         5

Your spell library contained the following spells:

 Spells                   Type           Power      Damage    Failure   Level
 Passwall                 Tmut/Erth      24%        N/A       10%         2
 Dazzling Flash           Conj/Hex       64%        N/A       16%         3
 Iskenderun's Mystic Bla  Conj/Tloc      40%        2d9       26%         4
 Beastly Appendage        Tmut           12%        N/A       36%         1
 Fulminant Prism          Conj/Hex       16%        3d10      45%         4
 Ensorcelled Hibernation  Hex/Ice        12%        N/A       50%         2
 Wereblood                Tmut           6%         N/A       50%         2
 Volatile Blastmotes      Fire/Tloc      28%        2d12      52%         3
 Manifold Assault         Tloc           23%        N/A       71%         4
 Spider Form              Tmut/Pois      6%         N/A       75%         3
 Swiftness                Air            6%         N/A       75%         3
 Storm Form               Tmut/Air       3%         N/A       100%        7


Dungeon Overview and Level Annotations

Branches:
Dungeon (14/15)            Temple (1/1) D:6
   Lair: D:8-11         Orc: D:9-12      Vaults: D:13-14

Altars:
Ashenzari
Dithmenos
Elyvilon
Fedhas
Gozag
Hepliaklqana
Kikubaaqudgha
Makhleb
Okawaru
Qazlal
Ru
Sif Muna
Trog
Uskayaw
Vehumet
Wu Jian
Xom
Yredelemnul
Zin
The Shining One
Ignis

Shops:
D:1 *?[[   D:5 *   D:8 *   D:10 [

Annotations:
D:3 Sigmund
D:11 1 runed translucent door, pkoi's ghost, journeyman DrMo
D:13 Erolcha


Innate Abilities, Weirdness & Mutations

Your life essence is reduced to manifest your ancestor. (-10% HP)
You cannot wear most types of armour.
You are amphibious.
You can wear up to eight rings at the same time.
Your skin changes colour to match your surroundings (Stealth+).
Your rubbery body absorbs attacks. (AC +1, EV +1)
((You are camouflaged when in or above water. (Stealth+)))
You have tentacles for arms and can constrict up to eight enemies at once.


Message History

Attack!
Your vampire mosquito closely misses the tengu warrior. x2
The tengu warrior completely misses your vampire mosquito.
The tengu warrior pecks your vampire mosquito.
The tengu warrior barely misses your vampire mosquito.
Your vampire mosquito closely misses the tengu warrior.
The tengu warrior unwields a +0 great mace.
The tengu warrior wields a +0 arbalest.
The tengu warrior shoots a bolt.
The bolt hits your slime creature!!
The tengu warrior unwields a +0 arbalest.
The tengu warrior wields a +0 great mace.
The tengu warrior hits your slime creature with a +0 great mace!!
Your slime creature dies!
Your slime creature dissolves into shadows!
Ignis burns the ground from beneath your feet!
You fall into a shaft and drop 1 floor!
The shaft crumbles and collapses.
You start resting. "Betrayer!
Apostate!
Perish!"
The divine experience drains your vigour!
You feel yourself slow down. 2 fire elementals come into view.
Okay, then.
Okay, then.
Found a golden ring.
The fire elemental hits you. The fire elemental burns you!
* * * LOW HITPOINT WARNING * * *
You block the fire elemental's attack.
You slash the fire elemental!
The fire elemental is moderately damaged.
You block the fire elemental's attack. x2
The fire elemental closely misses you.
Unknown command.
You hit the fire elemental.
The fire elemental is moderately damaged.
You block the fire elemental's attack. x2; The fire elemental hits you.
* * * LOW HITPOINT WARNING * * *
The fire elemental burns you!
* * * LOW HITPOINT WARNING * * *
The fire elemental hits you. The fire elemental burns you!
You die...

#. ..
#.#. #...
..# #.#
#°# #○# #
#
#E#.#=...
#@E......
#####....
##


You could see 2 fire elementals.

Vanquished Creatures
  A boulder beetle (D:12)
  A two-headed ogre (D:8)
  A cyclops (D:11)
  Maggie (D:8)
  A troll (D:10)
  7 yaks
  A steam dragon (D:8)
  A swamp worm (D:12)
  2 water moccasins (D:6)
  3 orc warriors
  3 black bears
  An ice beast (D:4)
  An ogre (D:4)
  2 centaurs
  3 phantoms
  2 kobold brigands (D:7)
  2 scorpions
  2 bullfrogs (D:6)
  3 howler monkeys
  3 orc priests
  A gnoll bouda (D:6)
  2 jellies
  3 hounds
  9 orc wizards
  Robin (D:3)
  5 gnolls (D:6)
  7 adders
  A shadow imp (D:7)
  6 white imps
  An ufetubus (D:7)
  A worm (D:3)
  4 dart slugs
  26 orcs
  5 endoplasms
  2 giant cockroaches
  22 goblins
  11 hobgoblins
  11 jackals
  6 quokkas
  10 ball pythons
  7 bats
  7 frilled lizards
  19 kobolds
  9 rats
217 creatures vanquished.

Vanquished Creatures (collateral kills)
  A tengu warrior (D:14)
  A basilisk (D:12)
  5 orcs
7 creatures vanquished.

Vanquished Creatures (others)
  3 battlemagi
  7 ancestors
10 creatures vanquished.

Grand Total: 234 creatures vanquished

Notes
Turn   | Place    | Note
-------+----------+-------------------------------------------
     0 | D:1      | 2FriedEggs the Octopode Conjurer began the quest for the
                  | Orb.
     0 | D:1      | Reached XP level 1. HP: 11/11 MP: 3/3
   128 | D:1      | Found Tuutuapp's General Store.
   339 | D:1      | Reached XP level 2. HP: 4/17 MP: 0/5
   459 | D:1      | Found Qiodd's Armour Shop.
   466 | D:1      | Found Ewofi's Armour Shoppe.
   845 | D:1      | Found Gisudghe's Magic Scroll Boutique.
   848 | D:1      | Bought a scroll of blinking for 75 gold pieces
  1274 | D:1      | Reached XP level 3. HP: 21/21 MP: 3/7
  1277 | D:1      | Learned a level 2 spell: Searing Ray
  1907 | D:2      | Found a faded altar of an unknown god.
  2063 | D:2      | Prayed at the altar of an unknown god.
  2063 | D:2      | Became a worshipper of Ignis, the Dying Flame
  2240 | D:2      | Reached XP level 4. HP: 27/27 MP: 5/10
  2312 | D:2      | Identified the +5 falchion "Fiamywn" {venom, Int+2}
  3104 | D:3      | Found a white marble altar of Elyvilon.
  3136 | D:3      | Noticed Robin
  3152 | D:3      | Killed Robin
  3279 | D:3      | Reached XP level 5. HP: 31/31 MP: 9/11
  3396 | D:3      | Identified the +10 rapier "Komuann" {vamp, rF+ Str+4}
  3504 | D:3      | Found a stormy altar of Qazlal.
  3518 | D:3      | Noticed Sigmund
  4262 | D:4      | Reached skill level 5 in Spellcasting
  4501 | D:4      | Noticed a phantom
  4507 | D:4      | Killed a phantom
  4508 | D:4      | Reached skill level 5 in Conjurations
  4508 | D:4      | Reached XP level 6. HP: 30/36 MP: 5/13
  5259 | D:4      | Noticed an ice beast
  5266 | D:4      | Killed an ice beast
  5267 | D:4      | Reached skill level 6 in Conjurations
  5483 | D:4      | Reached XP level 7. HP: 41/41 MP: 8/14
  5612 | D:5      | Entered Level 5 of the Dungeon
  5616 | D:5      | Reached skill level 7 in Conjurations
  5943 | D:5      | Reached skill level 1 in Shields
  6031 | D:5      | Found Woutir's Assorted Antiques.
  6039 | D:5      | Bought a black potion for 19 gold pieces
  6039 | D:5      | Bought a scroll labelled SEFYEBROIXICK for 22 gold pieces
  6039 | D:5      | Bought a scroll labelled TIRHYS JETILL for 22 gold pieces
  6039 | D:5      | Bought a scroll labelled OMAF UWOMAGHUG for 22 gold pieces
  6039 | D:5      | Bought a scroll labelled TEITHU UDASM for 22 gold pieces
  6039 | D:5      | Bought a lumpy brown potion for 19 gold pieces
  6039 | D:5      | Bought a scroll labelled TIRHYS JETILL for 22 gold pieces
  6069 | D:5      | Reached XP level 8. HP: 46/46 MP: 9/15
  6646 | D:6      | Reached skill level 8 in Conjurations
  7043 | D:6      | Found a staircase to the Ecumenical Temple.
  7087 | Temple   | Entered the Ecumenical Temple
  7197 | Temple   | Fell from the grace of Ignis
  7197 | Temple   | Became a worshipper of Hepliaklqana the Forgotten
  7232 | D:6      | Found a broken altar of Ashenzari.
  7808 | D:7      | Reached skill level 9 in Conjurations
  8000 | D:7      | Found a sacrificial altar of Ru.
  8122 | D:7      | Found a radiant altar of Vehumet.
  8399 | D:6      | Reached skill level 5 in Shields
  8399 | D:6      | Reached XP level 9. HP: 51/51 MP: 10/16
  8539 | D:6      | Learned a level 2 spell: Blink
  8650 | D:7      | Reached skill level 1 in Translocations
  8961 | D:7      | Learned a level 5 spell: Lee's Rapid Deconstruction
  9034 | D:7      | Reached * piety under Hepliaklqana
  9408 | D:7      | Reached skill level 1 in Earth Magic
 10123 | D:1      | Bought a scroll of teleportation for 30 gold pieces
 10123 | D:1      | Bought a scroll of enchant armour for 75 gold pieces
 10123 | D:1      | Bought a scroll of identify for 20 gold pieces
 10123 | D:1      | Bought a scroll of fog for 40 gold pieces
 10123 | D:1      | Bought a scroll of identify for 20 gold pieces
 10123 | D:1      | Bought 3 scrolls of identify for 60 gold pieces
 10783 | D:8      | Noticed Maggie
 10801 | D:8      | Killed Maggie
 10802 | D:8      | Reached skill level 5 in Earth Magic
 10802 | D:8      | Reached XP level 10. HP: 14/50 MP: 3/17
 10993 | D:8      | Found Cochy's General Store.
 11045 | D:8      | Noticed a two-headed ogre
 11053 | D:8      | Killed a two-headed ogre
 11116 | D:8      | You fall into a shaft and drop 3 floors!
 11127 | D:11     | Noticed a two-headed ogre
 11132 | D:11     | Noticed a cyclops
 11157 | D:11     | Found a runed translucent door.
 11183 | D:11     | Killed a cyclops
 11338 | D:11     | Noticed a frost giant
 11339 | D:11     | Noticed pkoi's ghost (journeyman DrMo)
 11375 | D:10     | Entered Level 10 of the Dungeon
 11592 | D:10     | Found Larghius's Armour Shoppe.
 11684 | D:10     | You fall into a shaft and drop 3 floors!
 11703 | D:13     | Noticed Erolcha
 11803 | D:13     | Found a white marble altar of Elyvilon.
 11805 | D:13     | Reached ** piety under Hepliaklqana
 11808 | D:13     | Remembered your ancestor Octobro as a battlemage
 11856 | D:12     | Noticed a demonic crawler
 11919 | D:12     | Noticed a boulder beetle
 11950 | D:12     | Noticed a gargoyle
 11951 | D:12     | Killed a boulder beetle
 12058 | D:12     | You fall into a shaft and drop 2 floors!
 12124 | D:13     | Noticed a two-headed ogre
 12124 | D:13     | Noticed a two-headed ogre
 12124 | D:13     | Noticed a centaur warrior
 12125 | D:13     | Noticed an ogre mage
 12273 | D:14     | Noticed a tengu warrior
 12273 | D:14     | Noticed a tengu warrior
 12285 | D:14     | Killed a tengu warrior
 12293 | D:14     | You fall into a shaft and drop 1 floor!
 12293 | D:15     | Entered Level 15 of the Dungeon
 12328 | D:15     | Mangled by a fire elemental

Illustrated notes

Levels and vault maps discovered:
D:1:      eino_arrival_cavern_e, layout_basic, serial_shops, shop,
          nicolae_shop_rolled_up, shop, shop, dreamdust_princess_bridge
D:2:      layout_loops_ring, hellmonk_ecumenical_altar_blasted,
          minmay_fountain_box, minmay_divided_ellipse
D:3:      kennysheep_goblin_castle, layout_loops_cross,
          mainiacjoe_overflow_alcove_4, nicolae_qazlal_scattered_showers,
          uniq_robin, uniq_sigmund
D:4:      minmay_door_path, layout_cave_pools
D:5:      layout_gridville, serial_shops, shop
D:6:      layout_loops_cross, kennysheep_little_box, minmay_temple_entry_tees,
          amethyst_killhole, grunt_ministairs_1
D:7:      layout_loops_ring, nicolae_ru_great_annihilating_truth,
          amcnicky_altar_gilded, serial_demonic, serial_demonic_d,
          serial_demonic_b, serial_demonic_c, serial_demonic_a,
          serial_demonic_a, serial_demonic_g, minmay_misc_feat_tiny,
          kennysheep_flooded_box
D:8:      layout_loops_corners, serial_shops, shop, uniq_maggie
D:10:     layout_rooms, serial_shops, nicolae_shop_just_a_little_nook
D:11:     layout_cave_pods, ebering_ghost_inner_flame, enter_trove_0,
          grunt_potential
D:12:     layout_cave_pods, worms_lemuel
D:13:     layout_roguey, david_vaults_2, elyvilon_altar_4, uniq_erolcha
D:14:     layout_roguey, abandoned_shop, grunt_gozag_statues
D:15:     grunt_enter_depths_hoard, layout_loops_ring, minmay_misc_feat_square
Temple:   nicolae_temple_superstar

Skill      XL: |  1  2  3  4  5  6  7  8  9 10 |
---------------+-------------------------------+-----
Spellcasting   | 3 4 5 |  5.0
Conjurations   | 5 6 7 9 |  9.8
Shields        | 1 5 6 8 |  8.3
Translocations | 3 |  3.2
Earth Magic    | 5 8 |  8.8
Dodging        | |  2.0
Stealth        | |  2.6

Action                     |  1- 3 |  4- 6 |  7- 9 | 10-12 || total
---------------------------+-------+-------+-------+-------++-------
  Melee: Unarmed           |     9 |       |       |       ||     9
         Constrict         |     4 |     7 |    11 |     3 ||    25
         Tentacles         |     4 |     4 |    15 |     3 ||    26
         Dagger            |     1 |       |       |       ||     1
         Falchion          |       |    14 |    53 |    16 ||    83
         Punch             |       |     1 |     1 |       ||     2
   Cast: Magic Dart        |    88 |    99 |    49 |     4 ||   240
         Searing Ray       |       |    16 |    43 |    16 ||    75
 Invoke: Rising Flame      |       |     1 |       |       ||     1
         Fiery Armour      |       |       |     1 |       ||     1
         Recall Ancestor   |       |       |     2 |     2 ||     4
         Ancestor Identity |       |       |     1 |       ||     1
         Ancestor Life: Ba |       |       |       |     1 ||     1
  Evoke: Wand              |       |     2 |     7 |     9 ||    18
    Use: Scroll            |       |     7 |    12 |     2 ||    21
         Potion            |       |       |       |     2 ||     2
   Stab: Paralysed         |       |       |     2 |       ||     2
 Armour: Skin              |       |     3 |    10 |     1 ||    14
  Dodge: Dodged            |    11 |    23 |    47 |    13 ||    94
  Block: Other             |       |    12 |     1 |       ||    13
         Reflection        |       |     1 |    10 |     9 ||    20
         Kite shield       |       |       |    81 |    48 ||   129
